 Dungeon Crawl Stone Soup version 0.31.0-11-ge490571c62 (webtiles) character file.

Game seed: 3761032518088596033

186 qw the Shooter (level 5, -11/27 HPs)
             Began as a Spriggan Hunter on Feb 4, 2024.
             Mangled by an ogre
             ... wielding a +0 giant club
              (31 damage)
             ... on level 4 of the Dungeon.
             The game lasted 00:00:10 (2268 turns).

qw the Shooter (Spriggan Hunter)                    Turns: 2268, Time: 00:00:10

Health: -11/27     AC:  3    Str:  7    XL:     5   Next: 38%
Magic:  6/6        EV: 20    Int: 11    God:
Gold:   34         SH:  0    Dex: 20    Spells: 4/4 levels left

rFire   . . .        a - +0 shortbow
rCold   . . .        (shield currently unavailable)
rNeg    . . .        c - +0 robe
rPois   .            d - +1 hat
rElec   .            (no cloak)
rCorr   .            (gloves unavailable)
SInv    +            (boots unavailable)
Will    .....        (no amulet)
Stlth   ++           (no ring)
HPRegen 0.24/turn    (no ring)
MPRegen 0.10/turn

%: no passive effects
@: very quick
A: very small, no large weapons, unfitting armour, see invisible, speed 3
a: no special abilities


You were on level 4 of the Dungeon.
You visited 1 branch of the dungeon, and saw 4 of its levels.

You collected 278 gold pieces.
You spent 244 gold pieces at shops.


Innate Abilities, Weirdness & Mutations

You are very small and have problems with some larger weapons.
You are too small for most types of armour.
You have supernaturally acute eyesight. (SInv)
You cover ground extremely quickly. (Speed+++)


   Skills:
 - Level 2.6 Fighting
 + Level 5.2 Ranged Weapons
 - Level 5.0 Dodging
 - Level 1.5 Stealth


You had 4 spell levels left.
You didn't know any spells.
Your spell library was empty.

Inventory:

Hand Weapons
 a - a +0 shortbow (weapon)
Armour
 c - a +0 robe (worn)
 d - a +1 hat (worn)
Scrolls
 e - a scroll of identify
Potions
 b - 2 potions of heal wounds
 h - 2 potions of curing

Dungeon Overview and Level Annotations

Branches:
Dungeon (4/15)
 Temple: D:4-7

Altars:
Cheibriados
Dithmenos
Gozag
Kikubaaqudgha
Wu Jian
Zin

Shops:
D:2 [


Message History

You feel much better. The ogre completely misses you.
The iguana completely misses you.
You shoot an arrow.
The arrow hits the ogre but does no damage.
The ogre is moderately wounded.
The iguana bites you. The ogre completely misses you.
You shoot an arrow. The arrow hits the ogre!
The ogre is severely wounded.
The iguana completely misses you.
You shoot an arrow. The arrow hits the ogre.
The ogre is almost dead.
The ogre misses you.
A hobgoblin comes into view.
The iguana closely misses you.
2255 ||| RETREEEEATING.
2256 ||| FLEEEEING.
2257 ||| FLEEEEING.
2258 ||| FLEEEEING.
You start resting.
An iguana is nearby!
2260 ||| FLEEEEING.
2261 ||| FLEEEEING.
2262 ||| FLEEEEING.
2263 ||| FLEEEEING.
Enter note:
Enter note: You shoot an arrow.
The arrow hits the iguana.
The iguana is moderately wounded.
You shoot an arrow. The arrow hits the iguana!
The iguana is almost dead.
You shoot an arrow. The arrow hits the iguana.
The iguana is almost dead.
The iguana bites you.
You shoot an arrow. The arrow hits the iguana!
You kill the iguana!
You shoot an arrow. The arrow hits the ogre.
The ogre is almost dead.
The ogre hits you with a +0 giant club!!
Ouch! That really hurt!
You die...

.... #...........
....##..........
#..##...........
####..####.O...#..
......#.###....#
#........####
#........#
#.O.##..###
##@####...#
#..###..###
#....##.#
#.......#
+++####..#..## ...
.........##.# ..#
.. ......(.#####
..##). ........#
.....# ........##


You could see an ogre.

Vanquished Creatures
  A scorpion (D:4)
  An iguana (D:4)
  A gnoll (D:1)
  An adder (D:2)
  A ribbon worm (D:3)
  4 dart slugs
  An orc (D:3)
  7 ball pythons
  8 bats
  4 endoplasms
  4 giant cockroaches
  6 goblins
  10 hobgoblins
  5 kobolds
  5 quokkas
  2 frilled lizards
  7 rats
68 creatures vanquished.

Notes
Turn   | Place    | Note
-------+----------+-------------------------------------------
     0 | D:1      | qw the Spriggan Hunter began the quest for the Orb.
     0 | D:1      | Reached XP level 1. HP: 10/10 MP: 2/2
     0 | D:1      | 0 ||| qw: Version: 0.3-a-160-g6735b56
     0 | D:1      | 0 ||| qw: Game counter: 5148
     0 | D:1      | 0 ||| qw: Melee chars always use a shield: true
     0 | D:1      | 0 ||| qw: God list: Okawaru
     0 | D:1      | 0 ||| qw: Allow faded altars: false
     0 | D:1      | 0 ||| qw: Do Orc after clearing Dungeon:15 true
     0 | D:1      | 0 ||| qw: Do second Lair branch before Depths: true
     0 | D:1      | 0 ||| qw: Lair rune preference: random
     0 | D:1      | 0 ||| qw: Goals: Normal
     0 | D:1      | 0 ||| PLANNING D:1-11
   184 | D:1      | Reached skill level 3 in Dodging
   259 | D:1      | Reached XP level 2. HP: 14/14 MP: 3/3
   428 | D:1      | Reached XP level 3. HP: 10/18 MP: 4/4
   721 | D:1      | 721 ||| READING scroll labelled OPLESI BAACEJ.
   721 | D:1      | 721 ||| IDENTIFYING fizzy golden potion
   722 | D:1      | 722 ||| READING scroll labelled EMU HURGHYNOST.
   726 | D:1      | 726 ||| READING scroll labelled NOS EZ SASCH.
   727 | D:1      | 727 ||| DROPPING scroll of butterflies.
   728 | D:1      | 728 ||| DROPPING potion of brilliance.
   958 | D:2      | Found a faded altar of an unknown god.
  1195 | D:2      | Found Oqeepitute's Armour Shoppe.
  1199 | D:2      | 1199 ||| READING scroll of identify.
  1199 | D:2      | 1199 ||| IDENTIFYING glowing blue potion
  1200 | D:2      | 1200 ||| READING scroll labelled REREID GIFEOM.
  1202 | D:2      | Reached XP level 4. HP: 22/22 MP: 5/5
  1205 | D:2      | 1205 ||| BUYING +1 hat (154 gold).
  1205 | D:2      | Bought a +1 hat for 154 gold pieces
  1205 | D:2      | 1205 ||| SHOPLISTING +7 troll leather armour "Bufeos" {rF+
                  | Regen+} (896 gold, have 60).
  1482 | D:2      | 1482 ||| UPGRADING to +1 hat.
  1487 | D:2      | 1487 ||| READING scroll labelled DUYSSYOSEQ.
  1488 | D:2      | 1488 ||| READING scroll labelled NIOCAU OJAESI.
  1489 | D:2      | 1489 ||| DRINKING 3 brown potions.
  1490 | D:2      | 1490 ||| DROPPING potion of lignification.
  1594 | D:3      | Found an ornate altar of the Wu Jian Council.
  1595 | D:3      | Found an ancient bone altar of Kikubaaqudgha.
  1596 | D:3      | Found an opulent altar of Gozag.
  1597 | D:3      | Found a snail-covered altar of Cheibriados.
  1971 | D:3      | Found Zin's Purification Station.
  1974 | D:3      | Found a glowing silver altar of Zin.
  1979 | D:3      | 1979 ||| BUYING potion of curing (90 gold).
  1979 | D:3      | Bought a potion of curing for 90 gold pieces
  2115 | D:3      | 2115 ||| DROPPING amulet of magic regeneration.
  2116 | D:3      | 2116 ||| READING scroll of identify.
  2116 | D:3      | 2116 ||| IDENTIFYING scroll labelled FIOLANG GERUEZA
  2117 | D:3      | 2117 ||| READING scroll labelled VOQ VUOTIYVAZ.
  2118 | D:3      | 2118 ||| DROPPING scroll of torment.
  2188 | D:4      | Found a shadowy altar of Dithmenos.
  2219 | D:4      | Noticed a scorpion
  2234 | D:4      | Killed a scorpion
  2235 | D:4      | Reached XP level 5. HP: 27/27 MP: 6/6
  2238 | D:4      | Noticed an ogre
  2242 | D:4      | 2242 ||| RETREEEEATING.
  2243 | D:4      | 2243 ||| RETREEEEATING.
  2250 | D:4      | HP: 2/27 [iguana (8)]
  2251 | D:4      | 2251 ||| DRINKING 3 potions of heal wounds.
  2255 | D:4      | 2255 ||| RETREEEEATING.
  2256 | D:4      | 2256 ||| FLEEEEING.
  2257 | D:4      | 2257 ||| FLEEEEING.
  2258 | D:4      | 2258 ||| FLEEEEING.
  2260 | D:4      | 2260 ||| FLEEEEING.
  2261 | D:4      | 2261 ||| FLEEEEING.
  2262 | D:4      | 2262 ||| FLEEEEING.
  2263 | D:4      | 2263 ||| FLEEEEING.
  2268 | D:4      | Mangled by an ogre

Levels and vault maps discovered:
D:1:      evilmike_arrival_plus, layout_basic
D:2:      cheibrodos_old_hovel, layout_basic,
          shapermc_ecumenical_altar_hornbeckon, serial_shops,
          nicolae_shop_hallway_plus, grunt_ministairs_12, eino_curves_04,
          kennysheep_generic_room_8
D:3:      layout_loops_cross, zin_purify, mainiacjoe_overflow_alcove_3,
          serial_forest, infiniplex_forest_lined_corner,
          infiniplex_forest_end_1, infiniplex_forest_straight_5,
          infiniplex_forest_lined_room_2, infiniplex_forest_straight_2,
          infiniplex_forest_clump_large, infiniplex_forest_clump_diagonal,
          infiniplex_forest_end_1
D:4:      layout_cave_pools, mainiacjoe_overflow_alcove_4,
          grunt_dithmenos_smoke, minmay_temple_entry_sparse_star,
          ebering_ghost_sewer_d, serial_shops, nicolae_shop_tiny_statue_garden,
          minmay_bisected

Skill      XL: |  1  2  3  4 |
---------------+-------------+-----
Dodging        | 4 5 |  5.0
Ranged Weapons | 5 |  5.2
Fighting       | 2 |  2.6
Stealth        | |  1.5

Action                     |  1- 3 |  4- 6 || total
---------------------------+-------+-------++-------
   Fire: Shortbow          |   127 |    86 ||   213
    Use: Scroll            |     5 |     4 ||     9
         Potion            |       |     2 ||     2
 Armour: Robe              |    19 |     9 ||    28
  Dodge: Dodged            |    53 |    24 ||    77

Table legend:
 A = Non-vault XP
 B = Vault XP
 C = Vault XP percentage of total XP
 D = Non-vault monster count
 E = Vault monster count
 F = Vault count percentage of total count
                 A         B        C        D         E       F
            +---------+---------+-------+---------+---------+-------
      Total |     221 |      45 |  16.9 |      62 |       6 |   8.8
            +---------+---------+-------+---------+---------+-------
        D:1 |      47 |       0 |   0.0 |      17 |       0 |   0.0
        D:2 |      51 |       9 |  15.0 |      25 |       5 |  16.7
        D:3 |      31 |       0 |   0.0 |      14 |       0 |   0.0
        D:4 |      92 |      36 |  28.1 |       6 |       1 |  14.3
            +---------+---------+-------+---------+---------+-------
